 Dungeon Crawl Stone Soup version 0.20-a0-738-gb057e68 (webtiles) character file.

69 polly the Slasher (level 4, 31/34 HPs)
             Began as a Demonspawn Gladiator on Feb 24, 2017.
             Quit the game on level 2 of the Dungeon.
             The game lasted 00:01:36 (1483 turns).

polly the Slasher (Demonspawn Gladiator)            Turns: 1483, Time: 00:01:37

Health: 31/34      AC:  4    Str: 15    XL:     4   Next: 2%
Magic:  4/4        EV: 13    Int: 10    God:
Gold:   202        SH:  0    Dex: 14    Spells: 3/3 levels left

rFire    . . .     SeeInvis .   a - +0 long sword
rCold    . . .     Gourm    .   b - +0 leather armour
rNeg     . . .     Faith    .   (no shield)
rPois    .         Spirit   .   c - +0 helmet
rElec    .         Reflect  .   (no cloak)
rCorr    .         Harm     .   (no gloves)
MR       .....                  (no boots)
Stlth    +.........             (no amulet)
Regen    0.2/turn               (no ring)
MPRegen  0.1/turn               (no ring)

@: no status effects
A: hooves 1, demonic guardian 1, sturdy frame 1
a: no special abilities


You were on level 2 of the Dungeon.
You were not hungry.

You visited 1 branch of the dungeon, and saw 2 of its levels.

You collected 202 gold pieces.

Inventory:

Hand Weapons
 a - a +0 long sword (weapon)
Missiles
 d - 3 throwing nets (quivered)
Armour
 b - a +0 leather armour (worn)
 c - a +0 helmet (worn)
Scrolls
 i - 4 scrolls of identify {unknown}
 j - a scroll of magic mapping {unknown}
 l - a scroll of recharging {unknown}
 m - 3 scrolls of remove curse {unknown}
 n - 2 scrolls of fear {unknown}
 o - a scroll of immolation {unknown}
 q - a scroll of amnesia {unknown}
Potions
 e - 3 potions of curing {unknown}
 g - 2 potions of degeneration {unknown}
 k - a potion of lignification {unknown}
Comestibles
 f - a bread ration
 h - 4 meat rations


   Skills:
 + Level 2.6 Fighting
 + Level 3.5 Long Blades
 + Level 1.8 Throwing
 + Level 1.0 Armour
 + Level 3.1 Dodging


You had 3 spell levels left.
You didn't know any spells.

Dungeon Overview and Level Annotations

Branches:
Dungeon (2/15)

Altars:


Innate Abilities, Weirdness & Mutations

You have large cloven feet.
A weak demonic guardian rushes to your aid.
Your movements are slightly less encumbered by armour. (ER -2)


Message History

You hit the adder but do no damage. The adder barely misses you.
The adder misses you.
You closely miss the adder. The adder misses you.
You slash the adder!
The adder is severely wounded.
The adder closely misses you. The adder bites you but does no damage.
You hit the adder but do no damage.
The adder is severely wounded.
The adder closely misses you.
You closely miss the adder.
The adder is severely wounded.
The adder misses you.
You riposte.
You miss the adder.
The adder is severely wounded.
The adder bites you.
You slash the adder!
You kill the adder!
You have reached level 4!
You feel clever.
Your demonic ancestry asserts itself...
Your feet thicken and deform.
Are you sure you want to abandon this character and quit the game? (Confirm with "yes".)

#######..####...(............####
...............###.##.##.#####
###.................#.##.# ##
#.#[##.####..###..#.##.# #.
#.#.##.# #..# #..#.##.# #.
###.#.##.# #..# #..#.##.# #.
....#.##.# #..# #..#.##.# #.
#####.##.####..###..#.##.# #. #
#.##........@.....##.# #. #
#.#######.#####.###.. #> # #.#
#..# ##.## ####. # #.# ##.# ...#
#.... # #.# #.# #..# #.##. ## #.#
#.# #..# #.##. .## #.# #.#
#..####.### ..# #.#
#.########.......... ..#
#.########.##................


There were no monsters in sight!

Vanquished Creatures
  An adder (D:2)
  2 oozes (D:2)
  A worm (D:2)
  2 dart slugs (D:2)
  A ball python (D:2)
  3 bats (D:1)
  3 giant cockroaches
  10 goblins
  6 hobgoblins
  5 kobolds
  3 frilled lizards
  3 rats
40 creatures vanquished.

Notes
Turn   | Place    | Note
-------+----------+-------------------------------------------
     0 | D:1      | polly the Demonspawn Gladiator began the quest for the Orb.
     0 | D:1      | Reached XP level 1. HP: 16/16 MP: 1/1
   353 | D:1      | Gained mutation: A weak demonic guardian rushes to your aid. [demonic ancestry]
   353 | D:1      | Reached XP level 2. HP: 22/22 MP: 2/2
   690 | D:1      | Gained mutation: Your movements are slightly less encumbered by armour. (ER -2) [demonic ancestry]
   690 | D:1      | Reached XP level 3. HP: 27/28 MP: 3/3
  1154 | D:2      | Reached skill level 1 in Armour
  1482 | D:2      | Gained mutation: You have large cloven feet. [demonic ancestry]
  1482 | D:2      | Reached XP level 4. HP: 31/34 MP: 4/4
  1483 | D:2      | Quit the game

Vault maps used:
D:1:      dpeg_arrival_connections, minmay_door_square, minmay_tromino_mix6
D:2:      serial_bayou_lagoon_b

Skill      XL: |  1  2  3 |
---------------+----------+-----
Long Blades    | 3 |  3.5
Dodging        | 3 |  3.1
Armour         | 1 |  1.0
Fighting       | |  2.6
Throwing       | |  1.8

Action                   |  1- 3 |  4- 6 || total
-------------------------+-------+-------++-------
Melee: Long sword        |    96 |       ||    96
  Eat: Chunk             |     2 |       ||     2
Armor: Leather armour    |    29 |       ||    29
Dodge: Dodged            |    71 |       ||    71
       Rpst.: Long sword |    27 |       ||    27
